AoeStats
← ccereal

Arabia

509163497Analyzed
3v3 RM · 6d ago on Sep 25, 2026· 51m 11s· 6 players
Game mode
Random Map
Map size
Normal (6 player)
Population
200
Speed
Normal
Resources
Standard
Victory
Conquest
Starting age
Dark Age
Ending age
Imperial Age
RankedLock teamsTeams togetherTeam positionsShared explorationLock speedFull tech treeHidden civsTurbo modeCheats
Victory
Defeat
🇪🇸 Japanese · Spain
1647
+11
🇪🇸 Varangians · Spain
1543
+15
🇪🇸 Mongols · Spain
1464
+19
🇫🇷 Persians · France
1600
-18
🇫🇷 Armenians · France
1523
-15
🇫🇷 Britons · France
1463
-12
Tonymontana
6:06 Loom
7:40 Loom
9:54 Feudal Age
15:09 Fletching
17:28 Padded Archer Armor
19:00 Double-Bit Axe
28:07 Castle Age
28:53 Crossbowman
32:30 Gold Mining
34:05 Bodkin Arrow
35:05 Bow Saw
ccereal
5:28 Loom
6:02 Loom
6:10 Loom
8:40 Feudal Age
9:15 Town Watch
9:17 Double-Bit Axe
19:20 Bloodlines
19:40 Scale Barding Armor
24:24 Wheelbarrow
26:14 Castle Age
26:06 Forging
27:47 Chain Barding Armor
28:03 Iron Casting
27:41 Bow Saw
28:10 Husbandry
32:26 Gold Mining
44:20 Horse Collar
48:44 Imperial Age
48:03 Gold Shaft Mining
48:23 Cavalier
49:51 Plate Barding Armor
49:18 Fletching
Frorok
6:50 Loom
9:47 Feudal Age
10:25 Double-Bit Axe
14:14 Fletching
16:27 Horse Collar
17:33 Town Watch
21:55 Castle Age
21:24 Padded Archer Armor
22:54 Bodkin Arrow
22:59 Crossbowman
24:51 Wheelbarrow
24:33 Bow Saw
28:20 Leather Archer Armor
28:40 Ballistics
32:36 Heavy Plow
39:45 Imperial Age
40:28 Bracer
39:49 Arbalester
42:28 Chemistry
42:33 Ring Archer Armor
42:15 Gold Mining
41:54 Pikeman
42:35 Squires
42:44 Scale Mail Armor
43:37 Forging
44:08 Hand Cart
44:20 Conscription
44:42 Chain Mail Armor
47:43 Gold Shaft Mining
47:56 Elite Skirmisher
CQ.Manudq85
7:38 Loom
9:46 Feudal Age
10:17 Town Watch
10:43 Man-at-Arms
11:24 Double-Bit Axe
15:42 Fletching
16:51 Padded Archer Armor
27:32 Castle Age
27:35 Crossbowman
28:20 Thumb Ring
28:18 Bodkin Arrow
30:32 Wheelbarrow
30:21 Bow Saw
35:40 Gold Mining
36:27 Hand Cart
37:18 Ballistics
38:30 Leather Archer Armor
40:14 Horse Collar
43:44 Imperial Age
42:08 Heavy Plow
44:59 Parthian Tactics
44:36 Bracer
45:37 Chemistry
45:11 Bloodlines
46:10 Heavy Cavalry Archer
47:14 Capped Ram
48:33 Husbandry
51:10 Masonry
CQ.MaSSa_V
6:05 Loom
8:55 Feudal Age
9:24 Double-Bit Axe
9:48 Horse Collar
16:17 Bloodlines
20:39 Wheelbarrow
21:15 Scale Barding Armor
21:21 Forging
24:52 Castle Age
24:31 Gold Mining
25:04 Light Cavalry
25:47 Husbandry
26:10 Chain Barding Armor
29:11 Bow Saw
30:04 Iron Casting
35:25 Hand Cart
34:55 Town Watch
43:12 Imperial Age
40:46 Heavy Plow
41:31 Scale Mail Armor
42:47 Squires
42:33 Gambesons
42:34 Arson
43:05 Chain Mail Armor
44:35 Plate Barding Armor
43:25 Hussar
43:29 Elite Varangian Guard
44:40 Plate Mail Armor
44:50 Conscription
45:30 Fletching
CQ.BENJI
4:48 Loom
9:35 Feudal Age
10:23 Double-Bit Axe
14:10 Fletching
24:13 Castle Age
24:16 Crossbowman
25:02 Bodkin Arrow
26:30 Ballistics
28:53 Padded Archer Armor
31:30 Wheelbarrow
34:04 Thumb Ring
35:19 Bow Saw
34:59 Horse Collar
37:09 Leather Archer Armor
42:35 Imperial Age
41:51 Gold Mining
43:21 Bracer
42:58 Arbalester
45:49 Elite Skirmisher
48:18 Ring Archer Armor
48:08 Heavy Plow
51:08 Two-Man Saw
Connection lost

Rejoining the realm…

Still unreachable

The connection could not be restored.

Session expired

The server has moved on; the page needs a fresh start.